 Dungeon Crawl Stone Soup version 0.31-a0-521-gc7390f8997 (webtiles) character file.

Game seed: 16775582215637812028

348 Crownlay the Shooter (level 6, 0/30 HPs)
             Began as a Spriggan Hunter on Aug 10, 2023.
             Was an Initiate of Yredelemnul.
             Shot with an arrow by a centaur (8 damage)
             ... on level 5 of the Dungeon.
             The game lasted 00:03:39 (1976 turns).

Crownlay the Shooter (Spriggan Hunter)              Turns: 1976, Time: 00:03:39

Health: 0/30       AC:  2    Str:  7    XL:     6   Next: 33%
Magic:  7/7        EV: 23    Int: 10    God:    Yredelemnul [......]
Gold:   160        SH:  0    Dex: 21    Spells: 5/5 levels left

rFire   . . .        a - +0 shortbow
rCold   . . .        (shield currently unavailable)
rNeg    + . .        e - +0 robe {rN+}
rPois   .            (helmet restricted)
rElec   .            (no cloak)
rCorr   .            (gloves unavailable)
SInv    +            (boots unavailable)
Will    +....        f - amulet of faith
Stlth   ++++         h - +5 ring of evasion
HPRegen 0.25/turn    (no ring)
MPRegen 0.10/turn

%: faith
@: very quick
A: very small, no large weapons, unfitting armour, see invisible, speed 3
a: Renounce Religion, Recall Undead Harvest


You were on level 5 of the Dungeon.
You worshipped Yredelemnul.
Yredelemnul was noncommittal.
You visited 1 branch of the dungeon, and saw 5 of its levels.

You collected 160 gold pieces.

Inventory:

Hand Weapons
 a - a +0 shortbow (weapon)
Armour
 e - a +0 robe of positive energy (worn)
Jewellery
 f - an amulet of faith (around neck)
 h - a +5 ring of evasion (left hand)
 t - a ring of ice
Wands
 o - a wand of roots (12)
Scrolls
 b - a scroll of butterflies
 d - a scroll of noise {unknown}
 i - a scroll of fog {unknown}
 n - a scroll of revelation {unknown}
 r - a scroll of identify {unknown}
Potions
 c - 3 potions of curing {unknown}
 g - a potion of degeneration {unknown}
 j - a potion of attraction {unknown}
 k - 2 potions of haste {unknown}
 l - 2 potions of invisibility {unknown}
 m - a potion of ambrosia {unknown}
 p - a potion of lignification {unknown}
 q - a potion of cancellation {unknown}
 s - a potion of might {unknown}


   Skills:
 - Level 1.5 Fighting
 * Level 6.6 Ranged Weapons
 - Level 2.6 Dodging
 + Level 6.0 Stealth


You had 5 spell levels left.
You didn't know any spells.
Your spell library contained the following spells:

 Spells                   Type           Power      Damage    Failure   Level
 Ensorcelled Hibernation  Hex/Ice        0%         N/A       50%         2
 Passwall                 Tmut/Erth      0%         N/A       50%         2
 Swiftness                Air            0%         N/A       75%         3


Dungeon Overview and Level Annotations

Branches:
Dungeon (5/15)
 Temple: D:4-7

Altars:
Sif Muna
Yredelemnul

Annotations:
D:5 Ijyb


Innate Abilities, Weirdness & Mutations

You are very small and have problems with some larger weapons.
You are too small for most types of armour.
You have supernaturally acute eyesight. (SInv)
You cover ground extremely quickly. (Speed+++)


Message History

The acid corrodes your jackal zombie!
You shoot an arrow. The arrow barely misses the ice beast.
An adder comes into view.
Your jackal zombie barely misses the ice beast.
Your orc zombie hits the ice beast but does no damage.
The ice beast hits your orc zombie. The ice beast freezes your orc zombie.
Your orc zombie resists.
Your orc zombie is destroyed!
Ijyb the Twisted Goblin comes into view.
She is wielding a +0 mace, wearing a +3 leather armour of poison resistance and carrying a wand of quicksilver.
The jelly hits your jackal zombie.
Your jackal zombie is destroyed!
You shoot an arrow. The arrow hits the ice beast.
The ice beast is moderately wounded.
You shoot an arrow. The arrow hits the ice beast.
The ice beast is moderately wounded.
A centaur comes into view. It is wielding a +0 quarterstaff.
You shoot an arrow. The arrow hits the ice beast.
The ice beast is moderately wounded.
The centaur unwields a +0 quarterstaff.
The centaur wields a +0 orcbow.
The centaur shoots an arrow.
The arrow hits you.
The centaur shoots an arrow.
The arrow misses you.
You shoot an arrow. The arrow hits the ice beast.
The ice beast is heavily wounded.
The centaur shoots an arrow.
The arrow completely misses you.
The centaur shoots an arrow.
The arrow hits you!
The centaur shoots an arrow.
The arrow closely misses you.
The centaur shoots an arrow.
The arrow misses you.
The centaur shoots an arrow.
The arrow misses you.
You shoot an arrow. The arrow closely misses the adder.
The arrow barely misses Ijyb.
The jelly jiggles.
The centaur shoots an arrow.
The arrow hits you!
* * * LOW HITPOINT WARNING * * *
The adder bites you but does no damage.
You are too injured to fight recklessly!
You are too injured to fight recklessly!
You are too injured to fight recklessly!
The centaur shoots an arrow.
The arrow hits you!
You die...
Your body rises from the dead as a mindless zombie.

... #...# ...
...##...##...
........... ..c....
######...# .
##...##...###########..
#......................
#<.......)...J.........
#.......@.SYg..........
###############...###..
#:..# ###... #$...
#.... #... #..


You could see an ice beast, Ijyb, a centaur, a jelly and an adder.

Vanquished Creatures
  A water moccasin (D:5)
  An ogre (D:5)
  A jelly (D:4)
  A sleepcap (D:5)
  3 adders
  4 dart slugs
  2 orcs (D:3)
  An endoplasm (D:2)
  4 giant cockroaches
  2 hobgoblins
  6 jackals
  8 kobolds
  4 quokkas
  2 ball pythons
  4 bats
  2 frilled lizards (D:2)
  4 goblins
  4 rats
54 creatures vanquished.

Vanquished Creatures (collateral kills)
  A dart slug (D:3)
  An orc (D:5)
  A goblin (D:3)
3 creatures vanquished.

Vanquished Creatures (others)
  An ogre zombie (D:5)
  A hobgoblin (D:3)
  A goblin zombie (D:4)
  4 jackal zombies
  A kobold zombie (D:3)
  2 orc zombies
  A quokka zombie (D:5)
11 creatures vanquished.

Grand Total: 68 creatures vanquished

Notes
Turn   | Place    | Note
-------+----------+-------------------------------------------
     0 | D:1      | Crownlay the Spriggan Hunter began the quest for the Orb.
     0 | D:1      | Reached XP level 1. HP: 10/10 MP: 2/2
    85 | D:1      | Reached XP level 2. HP: 14/14 MP: 3/3
   377 | D:1      | Found a faded altar of an unknown god.
   380 | D:1      | Prayed at the altar of an unknown god.
   380 | D:1      | Became a worshipper of Yredelemnul the Dark
   380 | D:1      | Reached * piety under Yredelemnul
   750 | D:2      | Reached XP level 3. HP: 18/18 MP: 4/4
  1006 | D:3      | Reached skill level 5 in Ranged Weapons
  1103 | D:3      | Reached XP level 4. HP: 22/22 MP: 5/5
  1268 | D:3      | Found a shimmering blue altar of Sif Muna.
  1851 | D:5      | Entered Level 5 of the Dungeon
  1866 | D:5      | Noticed an ogre
  1879 | D:5      | Killed an ogre
  1880 | D:5      | Reached skill level 5 in Stealth
  1880 | D:5      | Reached XP level 5. HP: 25/25 MP: 6/6
  1893 | D:5      | Noticed a water moccasin
  1918 | D:5      | Killed a water moccasin
  1919 | D:5      | Reached XP level 6. HP: 22/30 MP: 7/7
  1959 | D:5      | Noticed an ice beast
  1966 | D:5      | Noticed Ijyb
  1976 | D:5      | Shot with an arrow by a centaur

Illustrated notes

Levels and vault maps discovered:
D:1:      giann_horns, layout_loops_ring,
          hellmonk_ecumenical_altar_inner_sanctum
D:2:      layout_rooms
D:3:      layout_rooms, led_sif_pool, minmay_misc_feat_pillars,
          lemuel_flame_loot_1
D:4:      layout_basic
D:5:      kennysheep_big_flooded_room, layout_gridville,
          grunt_temple_overflow_order_and_chaos_1, nicolae_elemental_shop,
          minmay_manual_mess, uniq_ijyb

Skill      XL: |  1  2  3  4  5 |
---------------+----------------+-----
Stealth        | 2 3 5 6 |  6.0
Ranged Weapons | 5 6 |  6.6
Fighting       | |  1.5
Dodging        | |  2.6

Action                     |  1- 3 |  4- 6 || total
---------------------------+-------+-------++-------
   Fire: Shortbow          |    76 |    70 ||   146
 Armour: Robe              |     1 |     5 ||     6
  Dodge: Dodged            |    20 |    37 ||    57

Table legend: (Time is in decaauts)
 A = Elapsed time spent in this place.
 B = Non-inter-level travel time spent in this place.
 C = Inter-level travel time spent in this place.
 D = Time resting spent in this place.
 E = Time spent auto-exploring this place.
 F = Levels seen in this place.
 G = Mean time per level.
                   A        B        C        D        E       F      G
               +--------+--------+--------+--------+--------+-----+--------+
         Total |   1313 |   1257 |     56 |      0 |    971 |   5 |  262.6 |
       Dungeon |   1313 |   1257 |     56 |      0 |    971 |   5 |  262.6 |
               +--------+--------+--------+--------+--------+-----+--------+

Top non-repeatable levels by time:
     D:1: 416 daAuts
     D:3: 312 daAuts
     D:4: 261 daAuts
     D:2: 217 daAuts
     D:5: 105 daAuts
